 Dungeon Crawl Stone Soup version 0.31-a0-1-g4198be8af4 (webtiles) character file.

Game seed: 15577735954906416330

461974 bmack86 the Slayer (level 23, -10/228 HPs)
             Began as a Minotaur Fighter on May 2, 2023.
             Was a High Priest of Okawaru.
             Killed by divine providence
             ... invoked by a mummy priest
              (11 damage)
             ... on level 1 of the Tomb of the Ancients on May 3, 2023.
             The game lasted 02:51:15 (72786 turns).

bmack86 the Slayer (Minotaur Fighter)              Turns: 72786, Time: 02:51:16

Health: -10/228    AC: 43    Str: 30    XL:     23   Next: 9%
Magic:  7/42       EV:  7    Int:  7    God:    Okawaru [*****.]
Gold:   5023       SH: 28    Dex:  8    Spells: 22/22 levels left

rFire   + + .        I - +11 broad axe "Gakiamp" {speed, +Blink rF+ rN+}
rCold   + . .        j - +7 tower shield
rNeg    + . .        n - +1 gold dragon scales
rPois   +            o - +2 hat
rElec   .            y - +2 cloak {Will+}
rCorr   +            M - +3 Mad Mage's Maulers {Infuse+∞ VampMP -Cast}
SInv    +            b - +4 pair of boots of a bazaar {Will+ MP+9 Str+2}
Will    +++..        i - amulet of Ceugral {Rampage +Blink Regen+ Dex-4} Stlth
                     v - ring "Iguerch" {rPois rCorr Slay+3}
HPRegen 1.38/turn    J - ring of see invisible
MPRegen 0.28/turn

%: no spellcasting, rampage, infuse magic (7 MP)
@: lethally poisoned (-10 -> -12), about to teleport, slowed, studying Long
Blades, very slow
A: horns 2, retaliatory headbutt
}: 3/15 runes: decaying, silver, gossamer
a: Renounce Religion, Evoke Blink, Heroism, Finesse, Duel


You were on level 1 of the Tomb of the Ancients.
You worshipped Okawaru.
Okawaru was extremely pleased with you.
You visited 9 branches of the dungeon, and saw 40 of its levels.
You also visited: Gauntlet and Desolation.

You collected 9161 gold pieces.
You spent 4138 gold pieces at shops.

Inventory:

Hand Weapons
 I - the +11 broad axe "Gakiamp" (weapon) {speed, +Blink rF+ rN+}
   (Okawaru gifted it to you on level 4 of the Swamp)

   rF:        It protects you from fire.
   rN:        It protects you from negative energy.
   +Blink:    It lets you blink.
 O - the +8 storm bow {elec, penet}
   (You took it off an ironbound preserver on level 5 of the Vaults)
 U - the +9 war axe of Plunder {flame, rPois MP+9}
   (Okawaru gifted it to you on level 14 of the Dungeon)

   rPois:     It protects you from poison.
   MP:        It affects your magic capacity (+9).
Missiles
 h - 47 poisoned darts
 G - 9 silver boomerangs
 N - 15 javelins (quivered)
 Y - 9 silver javelins
Armour
 a - +0 storm dragon scales
 b - the +4 pair of boots of a bazaar (worn) {Will+ MP+9 Str+2}
   (You found it on level 7 of the Dungeon)

   Str:       It affects your strength (+2).
   MP:        It affects your magic capacity (+9).
   Will:      It increases your willpower.
 j - a +7 tower shield (worn)
 n - +1 gold dragon scales (worn)
 o - a +2 hat (worn)
 y - a +2 cloak of willpower (worn)
 z - the +8 plate armour "Pivyjawne" {Rampage rCorr Str-3 Slay+4}
   (Okawaru gifted it to you on level 3 of the Crypt)

   Str:       It affects your strength (-3).
   Slay:      It affects your accuracy & damage with ranged weapons and melee
   (+4).
   rCorr:     It protects you from acid and corrosion.
   Rampage:   It bestows one free step when moving towards enemies.
 M - the +3 Mad Mage's Maulers (worn) {Infuse+∞ VampMP -Cast}
   (You acquired it on level 11 of the Dungeon)

   Infuse+∞: It empowers its wearer's blows with all of their magic.
   VampMP:    Blows struck in melee replenish the wearer's magic.
   -Cast:     It prevents spellcasting.
 W - a +2 pair of gloves
Jewellery
 d - a ring of the Octopus King {rCorr HP+2 AC+2 EV+2 SH+2}
   (You found it in a Gauntlet)

   [ring of resist corrosion]

   AC:        It affects your AC (+2).
   EV:        It affects your evasion (+2).
   HP:        It affects your health (+2).
   rCorr:     It protects you from acid and corrosion.
   SH:        It affects your SH (+2).
 e - a +6 ring of intelligence
 f - a ring of resist corrosion
 g - the amulet "Adghupego" {Reflect Int+4 Slay+2 SH+5}
   (You found it on level 5 of the Vaults)

   [amulet of reflection]

   It reflects blocked missile attacks.
   Int:       It affects your intelligence (+4).
   Slay:      It affects your accuracy & damage with ranged weapons and melee
   (+2).
   SH:        It affects your SH (+5).
 i - the amulet of Ceugral (around neck) {Rampage +Blink Regen+ Dex-4}
   (You acquired it on level 1 of the Crypt)

   [amulet of regeneration]

   Dex:       It affects your dexterity (-4).
   +Blink:    It lets you blink.
   Regen:     It increases your rate of health regeneration.
   Rampage:   It bestows one free step when moving towards enemies.
 m - a ring of the Octopus King {Fly HP+2 AC+2 EV+2 SH+2}
   (You bought it in a shop on level 15 of the Dungeon)

   [ring of flight]

   AC:        It affects your AC (+2).
   EV:        It affects your evasion (+2).
   HP:        It affects your health (+2).
   Fly:       It grants you flight.
   SH:        It affects your SH (+2).
 s - a +4 ring of protection
 v - the ring "Iguerch" (left hand) {rPois rCorr Slay+3}
   (You bought it in a shop on level 15 of the Dungeon)

   [ring of resist corrosion]

   Slay:      It affects your accuracy & damage with ranged weapons and melee
   (+3).
   rPois:     It protects you from poison.
   rCorr:     It protects you from acid and corrosion.
 w - the amulet "Nisysui" {Rampage Regen+ Stlth+}
   (You bought it in a shop on level 2 of the Vaults)

   [amulet of regeneration]

   Regen:     It increases your rate of health regeneration.
   Rampage:   It bestows one free step when moving towards enemies.
   Stlth:     It makes you more stealthy.
 J - a ring of see invisible (right hand)
 P - a +4 ring of slaying
Wands
 k - a wand of light (9)
 r - a wand of polymorph (7)
 C - a wand of digging (9)
 S - a wand of mindburst (11)
Scrolls
 l - 2 scrolls of magic mapping
 t - 11 scrolls of fog
 x - 7 scrolls of poison
 E - 19 scrolls of teleportation
 H - 10 scrolls of fear
 K - a scroll of blinking
 L - a scroll of silence
Potions
 c - a potion of berserk rage
 p - 6 potions of brilliance
 q - 4 potions of cancellation
 u - 7 potions of ambrosia
 A - 4 potions of heal wounds
 B - 23 potions of curing
 D - 8 potions of invisibility
 F - 2 potions of resistance
 V - 5 potions of might
 X - 3 potions of magic
 Z - 4 potions of haste


   Skills:
 + Level 23.7 Fighting
 + Level 22.4 Axes
 - Level 10.0 Throwing
 + Level 23.7 Armour
 + Level 23.7 Shields
 - Level 15.0 Invocations


You had 22 spell levels left.
You didn't know any spells.
Your spell library contained the following spells:

 Spells                   Type           Power      Damage    Failure   Level
 Foxfire                  Conj/Fire      0%         2x1d4     99%         1
 Freeze                   Ice            0%         1d3       99%         1
 Magic Dart               Conj           0%         1d3       99%         1
 Sandblast                Erth           0%         2d4       99%         1
 Slow                     Hex            0%         N/A       99%         1
 Blink                    Tloc           0%         N/A       99%         2
 Cigotuvi's Dreadful Rot  Necr/Pois/Air  0%         N/A       99%         2
 Ensorcelled Hibernation  Hex/Ice        0%         N/A       99%         2
 Lesser Beckoning         Tloc           0%         N/A       99%         2
 Momentum Strike          Conj/Tloc      0%         3d8       99%         2
 Passwall                 Tmut/Erth      0%         N/A       99%         2
 Poisonous Vapours        Pois/Air       0%         N/A       99%         2
 Static Discharge         Conj/Air       0%         2-2/arc   99%         2
 Sublimation of Blood     Necr           0%         N/A       99%         2
 Wereblood                Tmut           0%         N/A       99%         2
 Confusing Touch          Hex            0%         N/A       100%        3
 Dazzling Flash           Conj/Hex       0%         N/A       100%        3
 Frozen Ramparts          Ice            0%         1d1       100%        3
 Gell's Gravitas          Tloc           0%         N/A       100%        3
 Hailstorm                Conj/Ice       0%         3d3       100%        3
 Ignite Poison            Fire/Tmut/Pois 0%         N/A       100%        3
 Mephitic Cloud           Conj/Pois/Air  0%         N/A       100%        3
 Ozocubu's Armour         Ice            0%         N/A       100%        3
 Portal Projectile        Hex/Tloc       0%         N/A       100%        3
 Spider Form              Tmut/Pois      0%         N/A       100%        3
 Stone Arrow              Conj/Erth      0%         3d7       100%        3
 Swiftness                Air            0%         N/A       100%        3
 Teleport Other           Tloc           0%         N/A       100%        3
 Vampiric Draining        Necr           0%         2d6       100%        3
 Vhi's Electric Charge    Tloc/Air       0%         N/A       100%        3
 Volatile Blastmotes      Fire/Tloc      0%         2d10      100%        3
 Airstrike                Air            0%         2d(0-16)  100%        4
 Anguish                  Hex/Necr       0%         N/A       100%        4
 Cause Fear               Hex            0%         N/A       100%        4
 Dispel Undead            Necr           0%         3d6       100%        4
 Ice Form                 Ice/Tmut       0%         N/A       100%        4
 Iskenderun's Mystic Bla  Conj/Tloc      0%         2d3       100%        4
 Manifold Assault         Tloc           0%         N/A       100%        4
 Passage of Golubria      Tloc           0%         N/A       100%        4
 Petrify                  Tmut/Erth      0%         N/A       100%        4
 Alistair's Intoxication  Tmut/Pois      0%         N/A       100%        5
 Arcjolt                  Conj/Air       0%         1d10      100%        5
 Blade Hands              Tmut           0%         N/A       100%        5
 Borgnjor's Vile Clutch   Necr/Erth      0%         N/A       100%        5
 Freezing Cloud           Conj/Ice/Air   0%         6-21      100%        5
 Metabolic Englaciation   Hex/Ice        0%         N/A       100%        5
 Eringya's Noxious Bog    Tmut/Pois      0%         N/A       100%        6
 Plasma Beam              Fire/Air       0%         2x1d11    100%        6
 Starburst                Conj/Fire      0%         6d3       100%        6
 Statue Form              Tmut/Erth      0%         N/A       100%        6
 Dragon Form              Tmut           0%         N/A       100%        7
 Enfeeble                 Hex            0%         N/A       100%        7
 Ozocubu's Refrigeration  Ice            0%         4d7       100%        7
 Storm Form               Tmut/Air       0%         N/A       100%        7
 Discord                  Hex            0%         N/A       100%        8
 Lehudib's Crystal Spear  Conj/Erth      0%         10d2      100%        8
 Polar Vortex             Ice            0%         N/A       100%        9
 Call Imp                 Summ           Unusable   N/A       N/A         2
 Tukima's Dance           Hex            Unusable   N/A       N/A         3
 Animate Armour           Summ/Erth      Unusable   N/A       N/A         4
 Summon Lightning Spire   Summ/Air       Unusable   N/A       N/A         4
 Death Channel            Necr           Unusable   N/A       N/A         6
 Simulacrum               Ice/Necr       Unusable   N/A       N/A         6
 Malign Gateway           Summ/Tloc      Unusable   N/A       N/A         7
 Summon Hydra             Summ           Unusable   N/A       N/A         7
 Dragon's Call            Summ           Unusable   N/A       N/A         9

Dungeon Overview and Level Annotations

Branches:
Dungeon (15/15)            Temple (1/1) D:6            Lair (5/5) D:8
  Swamp (4/4) Lair:3       Spider (4/4) Lair:3        Slime (0/5) Lair:5
    Orc (2/2) D:10            Elf (0/3) Orc:2        Vaults (5/5) D:13
  Crypt (3/3) Vaults:3       Tomb (1/3) Crypt:3      Depths (0/4) D:15
Desolation (visited)      Gauntlet (visited)

Altars:
Ashenzari
Cheibriados
Dithmenos
Elyvilon
Fedhas
Gozag
Hepliaklqana
Kikubaaqudgha
Makhleb
Nemelex Xobeh
Okawaru
Qazlal
Ru
Sif Muna
Trog
Uskayaw
Vehumet
Wu Jian
Xom
Yredelemnul
Zin
The Shining One
Jiyva

Shops:
D:9 (**   D:15 =   Orc:2 ([   Vaults:2 :?=   Vaults:4 [   Vaults:5 =

Portals:
Trove: D:11 (give 3 potions of resistance)

Annotations:
Swamp:1 2 transporters
Crypt:2 3 runed translucent doors, exclusion: obsidian statue, Hyrrirob's ghost, veteran GrEE


Innate Abilities, Weirdness & Mutations

You have a pair of horns on your head.
You reflexively headbutt those who attack you in melee.


Message History

The smoke demon completely misses you.
The ushabti shakes and rattles deafeningly!
The mummy priest mumbles some strange prayers to its god.
As you read the scroll of teleportation, it crumbles to dust.
You feel strangely unstable.
You are engulfed in dark miasma.
You are poisoned.
* * * LOW HITPOINT WARNING * * *
You feel extremely sick. The royal mummy casts a spell at you.
Something smites you!
* * * LOW HITPOINT WARNING * * *
The ushabti shakes and rattles deafeningly!
The ynoxinul gestures at you.
The iron shot hits you but does no damage.
The ushabti hits you but does no damage.
The smoke demon barely misses you.
The smoke demon hits you but does no damage. x2
The mummy priest hits you.
* * * LOW HITPOINT WARNING * * *
The royal mummy gestures at you while chanting.
Something smites you!
* * * LOW HITPOINT WARNING * * *
The smoke demon hits you but does no damage. x2
The smoke demon barely misses you. The ushabti hits you!
* * * LOW HITPOINT WARNING * * *
The ynoxinul gestures.
Unknown command.
Okay, then.
Blink to where?
Press: ? - help, Dir - move target
As you read the scroll of blinking, it crumbles to dust.
* * * LOW HITPOINT WARNING * * *
You feel very sick.
The mummy priest mumbles some strange prayers to its god.
The ushabti shakes and rattles.
The vile air hits the sixfirhy.
The vile air hits you but does no damage.
The mummy priest mumbles some strange prayers to its god against you.
Something smites you!
You die...

*,8,,,^,.......8°..8....,,,,,,,,8
*,,,,,,,...^..○°3M○°°...,,,,,,,,,
********######9°.9M..###*********
**,,,,,,** ##'3☼'3## **,,,,,,
*,,,,,,,,** #...☼...# **,,,,,,,
,,,****,,,** #.8.§.8.# **,,,****,
,,**,,,*,,,**#..☼....#**,,,*,,,**
,**,^,,,*,,,*#..3....#*,^,*,,^,,*
**>,,,,,,*,,*#.8@..8.#*>,*,,,,,,,
,**,,,,,*,,,*#..☼....#*,,,*,^,,,*
,,**,,,*^,,**#.......#**,,,*,,,**
,,,****,,,** #.8...8.# **,,,****,
*,,,,^,,,** #.......# **,,,,,,,
**,,^,,,** #.......# **,,,,,,
********* #.8...8.# *******
##############.......############
.................................


You could see a mummy priest, a sun demon (summoned), a guardian mummy, 2
ushabtiu, a sixfirhy (summoned), a smoke demon (summoned) and a ynoxinul
(summoned, expiring).

Vanquished Creatures
  A dread lich (Crypt:3)
  A royal mummy (Arena)
  Frederick (Vaults:2)
  Bai Suzhen (Crypt:2)
  Boris (twice) (Crypt:2 Tomb:1)
  2 golden dragons (Vaults:5)
  Jory (Vaults:2)
  Arachne (Spider:2)
  2 bone dragons (Crypt:3)
  4 tentacled monstrosities
  4 liches
  2 quicksilver dragons (Vaults:5)
  3 titans (Vaults:5)
  6 ancient champions
  2 shadow dragons (Vaults:5)
  3 thorn hunters
  14 sphinxes
  3 tengu reavers (Vaults:5)
  Kirke (Swamp:1)
  2 storm dragons (Vaults:5)
  4 fire giants (Vaults:5)
  2 revenants
  21 vault wardens
  Aizul (Spider:2)
  6 emperor scorpions
  3 deep elf sorcerers (Vaults:5)
  2 frost giants
  An iron dragon (Vaults:5)
  5 ghost moths
  A curse skull (Crypt:2)
  5 orc warlords
  2 imperial myrmidons (Desolation)
  22 ironbound preservers
  2 very ugly things (Vaults:5)
  2 stone giants (Vaults:5)
  2 broodmothers
  2 juggernaut skeletons (Crypt:3)
  7 ghouls
  A caustic shrike skeleton (Crypt:3)
  8 ironbound thunderhulks
  3 war gargoyles
  7 vampire knights
  A minotaur (Gauntlet)
  7 eleionomae
  2 spark wasps (Spider:4)
  7 bunyips
  3 ettins (Vaults:5)
  20 dire elephants
  5 eidola
  7 deep elf death magi
  A quicksilver dragon zombie (Crypt:2)
  2 fire dragons
  Snorg (Lair:5)
  5 crystal guardians
  2 entropy weavers (Spider:2)
  5 great orbs of eyes
  Josephine (D:13)
  14 jiangshi
  5 shambling mangroves
  13 yaktaur captains
  6 servants of whispers
  A spriggan zombie (Crypt:1)
  An ice dragon (D:15)
  2 ragged hierophants (Desolation)
  The ghost of Haiq the Summoner, a journeyman MfSu of Kikubaaqudgha (D:11)
  31 vault guards
  13 peacekeepers
  21 hydras
  A catoblepas (Lair:5)
  8 centaur warriors
  3 spriggan skeletons (Crypt:3)
  An Orb Guardian zombie (Crypt:2)
  4 radroaches
  5 jorogumos
  A ghost crab (Swamp:2)
  2 dancing weapons (D:13)
  3 death knights
  3 two-headed ogres
  13 ironbound frosthearts
  4 boulder beetles
  10 death yaks
  7 alligators
  A hell hog (Gauntlet)
  10 vampire magi
  18 death scarabs
  6 tengu warriors
  A deep troll earth mage (Vaults:5)
  2 orc high priests (Orc:2)
  A bennu skeleton (Crypt:1)
  3 spectral emperor scorpions (Spider:4)
  3 spriggans (Swamp:1)
  2 soul eaters
  Nergalle (D:11)
  A deep elf knight (Swamp:1)
  A shadow wraith (Vaults:5)
  A death drake (shapeshifter) (Vaults:5)
  6 pharaoh ants
  A skyshark (Lair:4)
  46 deep trolls
  54 skeletal warriors
  A glowing orange brain (Vaults:4)
  A spriggan druid (Swamp:4)
  2 storm dragon skeletons (Crypt:3)
  12 swamp dragons
  4 goliath frogs
  A deep elf archer (Swamp:1)
  An iron giant skeleton (Crypt:3)
  10 phantasmal warriors
  2 spectral wolf spiders (Spider:4)
  10 orb spiders
  3 flayed ghosts
  5 harpies
  6 bog bodies
  26 ironbound convokers
  9 orc knights
  9 wizards
  9 lindwurms
  An oklob plant (Swamp:2)
  7 steelbarb worms
  4 necromancers
  23 ugly things
  19 wolf spiders
  2 deep elf pyromancers
  A lindwurm (shapeshifter) (Vaults:5)
  4 cyclopes
  2 orc sorcerers (Orc:2)
  3 manticores
  4 will-o-the-wisps
  A cyclops (shapeshifter) (Vaults:5)
  A frost giant zombie (Crypt:2)
  7 moths of wrath
  An iron dragon skeleton (Crypt:3)
  4 molten gargoyles
  23 vault sentinels
  2 guardian serpents (Desolation)
  An ice statue (Gauntlet)
  12 demonic crawlers
  7 black mambas
  8 cane toads
  A centaur skeleton (Crypt:3)
  2 gargoyles
  2 naga skeletons (Crypt:3)
  2 unseen horrors (D:12)
  6 torpor snails
  14 komodo dragons
  An orb spider zombie (Crypt:3)
  5 freezing wraiths
  2 rime drakes (Gauntlet)
  An anaconda simulacrum (Crypt:1)
  65 yaktaurs
  A kobold demonologist (D:11)
  A steelbarb worm zombie (Crypt:1)
  An efreet (D:15)
  A spectral redback (Spider:4)
  3 guardian mummies
  3 tengu conjurers (D:14)
  A harpy zombie (Crypt:1)
  11 tyrant leeches
  2 redback zombies (Spider:4)
  A polar bear (shapeshifter) (D:14)
  4 meliai
  3 trolls
  A bloated husk (Swamp:2)
  2 polar bears (Lair:4)
  13 blink frogs
  4 harpy skeletons (Crypt:3)
  36 saltlings
  6 hornets
  A tarantella (shapeshifter) (Vaults:5)
  A jumping spider zombie (Spider:4)
  17 tarantellas
  5 spectral jumping spiders (Spider:4)
  4 spectral tarantellas (Spider:4)
  A culicivora zombie (Spider:4)
  A fire dragon zombie (Crypt:3)
  3 hydra skeletons (Crypt:3)
  A tarantella zombie (Spider:4)
  A spriggan (shapeshifter) (D:15)
  22 culicivoras
  40 slime creatures
  20 flying skulls
  2 ushabtiu (Tomb:1)
  39 jumping spiders
  3 shadows
  A culicivora (shapeshifter) (D:15)
  A black mamba zombie (Crypt:3)
  18 yaks
  10 wraiths
  A human (Swamp:1)
  A merfolk skeleton (Crypt:1)
  4 wyverns
  3 hogs (Swamp:1)
  8 basilisks
  2 fire bats (Gauntlet)
  6 steam dragons
  13 vampire mosquitoes
  2 wind drake skeletons
  38 redbacks
  2 wargs
  11 swamp worms
  7 hell hounds
  An acid dragon (D:11)
  11 water moccasins
  2 sky beasts
  10 swamp drakes
  3 black bears
  6 ogres
  36 orc warriors
  19 wolves
  12 boggarts
  4 centaurs
  A hog skeleton (Crypt:1)
  3 phantoms
  5 kobold brigands
  A fire crab zombie (Crypt:1)
  8 bullfrogs
  A gnoll sergeant (D:12)
  2 scorpions
  2 necrophages (Crypt:2)
  8 wights
  2 warg zombies
  An oklob sapling (Swamp:2)
  24 killer bees
  11 electric eels
  5 howler monkeys
  4 lava snakes (Lair:5)
  2 jellies
  10 hounds
  3 gnoll boudas
  20 orc priests
  2 human skeletons
  2 sleepcaps (D:6)
  3 iguanas
  30 orc wizards
  A tengu skeleton (Crypt:2)
  17 mummies
  10 adders
  23 gnolls
  A swamp drake zombie (Crypt:1)
  A shadow imp (D:7)
  5 white imps
  An ufetubus (D:4)
  A worm (D:2)
  5 dart slugs
  97 orcs
  9 endoplasms
  3 giant cockroaches
  7 goblins
  6 hobgoblins
  22 kobolds
  2 quokkas
  A river rat zombie (Crypt:2)
  6 ball pythons
  3 bats
  A dart slug zombie (Crypt:3)
  A frilled lizard (D:2)
  A goblin skeleton (Crypt:1)
  An orc zombie (Crypt:2)
  7 rats
  5 briar patches (Swamp:4)
  A fungus (Lair:5)
1789 creatures vanquished.

Vanquished Creatures (others)
  An alligator (Swamp:4)
  A phantasmal warrior (Vaults:5)
  A bloated husk (Swamp:1)
  An orc wizard (D:10)
  An orc (D:9)
  3 kobolds
  8 briar patches
  10 foxfires
  22 fungi
  81 plants
129 creatures vanquished.

Grand Total: 1918 creatures vanquished

Notes
Turn   | Place    | Note
-------+----------+-------------------------------------------
     0 | D:1      | bmack86 the Minotaur Fighter began the quest for the Orb.
     0 | D:1      | Reached XP level 1. HP: 19/19 MP: 0/0
   150 | D:1      | Reached XP level 2. HP: 27/27 MP: 1/1
   438 | D:1      | Reached XP level 3. HP: 33/33 MP: 2/2
   698 | D:1      | Found a faded altar of an unknown god.
  1296 | D:2      | Identified the +0 leather armour of a Billion Scars {Will+
                  | Str-2 Dex+2 Stlth+}
  1398 | D:2      | Reached XP level 4. HP: 40/40 MP: 3/3
  2274 | D:3      | Noticed a scorpion
  2286 | D:3      | Killed a scorpion
  2287 | D:3      | Reached skill level 1 in Throwing
  2287 | D:3      | Reached XP level 5. HP: 32/47 MP: 4/4
  2411 | D:3      | Identified the +2 chain mail of Cyfukk {Will+}
  2566 | D:3      | Found a shadowy altar of Dithmenos.
  2588 | D:3      | Found a hide-covered altar of Uskayaw.
  2590 | D:3      | Found a stormy altar of Qazlal.
  2590 | D:3      | Found a snail-covered altar of Cheibriados.
  2590 | D:3      | Found a sparkling altar of Nemelex Xobeh.
  2590 | D:3      | Found a white marble altar of Elyvilon.
  2591 | D:3      | Found an ancient bone altar of Kikubaaqudgha.
  2604 | D:3      | Identified the +0 short sword of Gufean Leet {freeze, Will+
                  | Int+2}
  2991 | D:4      | Noticed a sky beast
  3010 | D:4      | Killed a sky beast
  3011 | D:4      | Reached skill level 5 in Axes
  3011 | D:4      | Reached XP level 6. HP: 40/55 MP: 5/5
  3158 | D:4      | Reached skill level 5 in Fighting
  3158 | D:4      | Reached skill level 5 in Armour
  3632 | D:5      | Entered Level 5 of the Dungeon
  3650 | D:5      | Reached skill level 5 in Shields
  3679 | D:5      | Reached XP level 7. HP: 61/61 MP: 6/6
  4550 | D:6      | Noticed a steam dragon
  4559 | D:6      | Killed a steam dragon
  4560 | D:6      | Reached XP level 8. HP: 69/70 MP: 7/7
  4581 | D:6      | You fall into a shaft and drop 2 floors!
  4606 | D:8      | Noticed a komodo dragon
  4617 | D:8      | Killed a komodo dragon
  4618 | D:8      | Reached XP level 9. HP: 25/78 MP: 8/8
  4870 | D:8      | Found a staircase to the Lair.
  4903 | D:8      | Reached skill level 5 in Throwing
  5688 | D:6      | Reached skill level 10 in Axes
  5875 | D:6      | Found a staircase to the Ecumenical Temple.
  5882 | Temple   | Entered the Ecumenical Temple
  5903 | Temple   | Became a worshipper of Warmaster Okawaru
  6481 | D:7      | Reached XP level 10. HP: 72/88 MP: 9/9
  6706 | D:7      | Identified the +4 pair of boots of a bazaar {Will+ MP+9
                  | Str+2}
  6955 | D:8      | Reached skill level 1 in Invocations
  7052 | D:8      | Reached * piety under Okawaru
  7346 | D:9      | Noticed a deep elf pyromancer
  7347 | D:9      | Noticed a cyclops
  7367 | D:9      | Killed a cyclops
  7376 | D:9      | Killed a deep elf pyromancer
  7376 | D:9      | Reached ** piety under Okawaru
  7652 | D:9      | Noticed a two-headed ogre
  7658 | D:9      | Noticed a manticore
  7666 | D:9      | Killed a two-headed ogre
  7666 | D:9      | Reached *** piety under Okawaru
  7671 | D:9      | Killed a manticore
  8165 | D:10     | Entered Level 10 of the Dungeon
  8165 | D:10     | Found a staircase to the Orcish Mines.
  8733 | D:9      | Found Xorphy's Weapon Shoppe.
  8736 | D:9      | Bought a +4 broad axe of venom for 428 gold pieces
  8787 | D:9      | Received a gift from Okawaru
  8917 | D:9      | Found Dedit's General Store.
  8919 | D:9      | Found Soficota's Specific Store.
  8927 | D:9      | Bought a scroll of teleportation for 48 gold pieces
  9362 | D:10     | Reached XP level 11. HP: 95/97 MP: 12/12
  9395 | D:10     | Reached **** piety under Okawaru
  9421 | D:10     | Received a gift from Okawaru
  9875 | D:10     | Found an ornate altar of the Wu Jian Council.
 10117 | D:11     | Found a transporter.
 10146 | D:11     | Found a bloodstained altar of Trog.
 10159 | D:11     | Found a transporter.
 10176 | D:11     | Noticed Haiq's ghost (journeyman MfSu)
 10176 | D:11     | Noticed a deep troll
 10201 | D:11     | Noticed Nergalle
 10213 | D:11     | Killed Nergalle
 10533 | D:11     | Identified 2 scrolls of acquirement
 10533 | D:11     | Acquired the +3 Mad Mage's Maulers {Infuse+∞ VampMP -Cast}
 10533 | D:11     | Found the +3 Mad Mage's Maulers {Infuse+∞ VampMP -Cast}
 10548 | D:11     | Acquired a +1 war axe of flaming
 10817 | D:11     | Identified the +3 scale mail "Pumediuc" {MP+9 Int+2 Slay+3}
 10958 | D:11     | Noticed a two-headed ogre
 10961 | D:11     | Killed a two-headed ogre
 11022 | D:11     | Received a gift from Okawaru
 11425 | D:11     | Found a portal to a secret trove of treasure.
 11703 | D:12     | Received a gift from Okawaru
 11713 | D:12     | Reached ***** piety under Okawaru
 11714 | D:12     | Reached skill level 10 in Fighting
 11714 | D:12     | Reached skill level 10 in Armour
 12027 | D:12     | Identified the +11 short sword of Frustration {drain, rPois
                  | Dex+2}
 12037 | D:12     | Reached skill level 5 in Invocations
 12045 | D:12     | Reached skill level 10 in Shields
 12045 | D:12     | Reached XP level 12. HP: 106/106 MP: 1/14
 12045 | D:12     | Identified the +9 broad axe of Fundamental Breach {heavy,
                  | Int+3} (Okawaru gifted it to you on level 12 of the
                  | Dungeon)
 12045 | D:12     | Received a gift from Okawaru
 12234 | D:12     | Found an ornate altar of the Wu Jian Council.
 12298 | D:12     | Noticed a two-headed ogre
 12299 | D:12     | Killed a two-headed ogre
 12689 | D:13     | Noticed a centaur warrior
 12700 | D:13     | Killed a centaur warrior
 12900 | D:13     | Noticed Josephine
 12912 | D:13     | Killed Josephine
 13090 | D:13     | Noticed a boulder beetle
 13092 | D:13     | Killed a boulder beetle
 13819 | D:13     | Found a gate to the Vaults.
 13827 | D:13     | Received a gift from Okawaru
 14300 | Lair:1   | Entered Level 1 of the Lair of Beasts
 14633 | Lair:1   | Received a gift from Okawaru
 15055 | Lair:1   | Noticed a death yak
 15058 | Lair:1   | Noticed a death yak
 15059 | Lair:1   | Noticed a death yak
 15061 | Lair:1   | Noticed a death yak
 15065 | Lair:1   | Killed a death yak
 15069 | Lair:1   | Killed a death yak
 15070 | Lair:1   | Killed a death yak
 15070 | Lair:1   | Identified the +0 robe "Qiygewej" {+Blink Regen+ Str+5
                  | Int+2} (Okawaru gifted it to you on level 1 of the Lair of
                  | Beasts)
 15070 | Lair:1   | Received a gift from Okawaru
 15073 | Lair:1   | Killed a death yak
 16353 | Lair:2   | Reached XP level 13. HP: 116/116 MP: 5/16
 18067 | Lair:3   | Found a hole to the Spider Nest.
 18269 | Lair:3   | Reached skill level 15 in Axes
 19497 | Lair:3   | Found a staircase to the Swamp.
 20291 | Lair:4   | Identified the amulet "Vouploda" {+Blink Regen+}
 20329 | Lair:4   | Received a gift from Okawaru
 21067 | Lair:4   | Identified the +5 short sword "Asouguav" {protect, Fragile
                  | Str+4 Dex+3}
 21321 | Lair:5   | Entered Level 5 of the Lair of Beasts
 21332 | Lair:5   | Reached ****** piety under Okawaru
 21332 | Lair:5   | Identified the +0 kite shield of Theory {rF+} (Okawaru
                  | gifted it to you on level 5 of the Lair of Beasts)
 21332 | Lair:5   | Received a gift from Okawaru
 22425 | Lair:5   | Found a large runed translucent door.
 22425 | Lair:5   | Noticed a fire dragon
 22426 | Lair:5   | Found a large runed translucent door.
 22622 | Lair:5   | Reached XP level 14. HP: 126/126 MP: 6/18
 23120 | Lair:5   | Found a staircase to the Slime Pits.
 23120 | Lair:5   | Found a viscous altar of Jiyva.
 23186 | Lair:5   | Got the Compilation of Coordinates and the Summer
 23302 | Lair:5   | Noticed Snorg
 23312 | Lair:5   | Killed Snorg
 24332 | D:11     | Received a gift from Okawaru
 24343 | D:11     | Killed Haiq's ghost
 24656 | D:14     | Identified the +9 war axe of Plunder {flame, rPois MP+9}
                  | (Okawaru gifted it to you on level 14 of the Dungeon)
 24656 | D:14     | Received a gift from Okawaru
 24914 | D:14     | Reached skill level 10 in Throwing
 25905 | D:14     | Received a gift from Okawaru
 26201 | D:15     | Entered Level 15 of the Dungeon
 26540 | D:15     | Found Inocsei's Jewellery Shoppe.
 26558 | D:15     | Found a stormy altar of Qazlal.
 26620 | D:15     | Identified the +4 trident of Moral Flaws {flame, rPois rC+
                  | rCorr Dex+4}
 27661 | D:15     | Found a staircase to the Depths.
 27887 | Orc:1    | Entered Level 1 of the Orcish Mines
 28112 | Orc:2    | Entered Level 2 of the Orcish Mines
 28170 | Orc:2    | Found a gate leading to a gauntlet.
 28183 | Gauntlet | Entered a Gauntlet
 28183 | Gauntlet | Found a large runed translucent door.
 28183 | Gauntlet | Found a large runed translucent door.
 28183 | Gauntlet | Found a large runed translucent door.
 28183 | Gauntlet | Found a large runed translucent door.
 28183 | Gauntlet | Found a large runed translucent door.
 28183 | Gauntlet | Found a large runed translucent door.
 28183 | Gauntlet | Found a large runed translucent door.
 28183 | Gauntlet | Found a large runed translucent door.
 28183 | Gauntlet | Found a runed translucent door.
 28183 | Gauntlet | Found a runed translucent gate.
 28183 | Gauntlet | Found a transporter.
 28183 | Gauntlet | Found a transporter.
 28183 | Gauntlet | Found a runed translucent gate.
 28183 | Gauntlet | Found a transporter.
 28184 | Gauntlet | Found a transporter.
 28187 | Gauntlet | Found a transporter.
 28187 | Gauntlet | Found a transporter.
 28191 | Gauntlet | Found a runed translucent gate.
 28191 | Gauntlet | Found a runed translucent door.
 28194 | Gauntlet | Found a large runed translucent door.
 28194 | Gauntlet | Found a large runed translucent door.
 28195 | Gauntlet | Found a large runed translucent door.
 28196 | Gauntlet | Found a large runed translucent door.
 28218 | Gauntlet | Found a transporter.
 28222 | Gauntlet | Found a transporter.
 28225 | Gauntlet | Found a transporter.
 28225 | Gauntlet | Found a transporter.
 28250 | Gauntlet | Found a transporter.
 28257 | Gauntlet | Found a transporter.
 28258 | Gauntlet | Found the ring of the Octopus King
 28342 | Gauntlet | Found a large runed translucent door.
 28342 | Gauntlet | Found a large runed translucent door.
 28343 | Gauntlet | Found a large runed translucent door.
 28344 | Gauntlet | Found a large runed translucent door.
 28586 | Gauntlet | Identified a ring of the Octopus King {rCorr HP+2 AC+2 EV+2
                  | SH+2}
 28677 | Gauntlet | Identified the +0 robe "Put-Me-On" {*Corrode rN+ Will++
                  | Str-4}
 28790 | Orc:2    | Found Zatuamm's Distillery.
 28971 | Orc:2    | Found a staircase to the Elven Halls.
 29019 | Orc:2    | Noticed an orc warlord
 29029 | Orc:2    | Received a gift from Okawaru
 29065 | Orc:2    | Killed an orc warlord
 29354 | Orc:2    | Found Hax Arypsipn's Jewellery Shop.
 29498 | Orc:2    | Reached XP level 15. HP: 136/136 MP: 20/20
 29840 | Orc:2    | Found Sehoqe's Antique Weapon Shop.
 29866 | Orc:2    | Found Ojexeo's Antique Armour Boutique.
 30384 | Orc:1    | Found a shimmering blue altar of Sif Muna.
 30905 | D:15     | Bought a ring of the Octopus King {Fly HP+2 AC+2 EV+2 SH+2}
                  | for 862 gold pieces
 30905 | D:15     | Found the ring of the Octopus King {Fly HP+2 AC+2 EV+2
                  | SH+2}
 30905 | D:15     | Bought the ring "Iguerch" {rPois rCorr Slay+3} for 700 gold
                  | pieces
 31139 | Swamp:1  | Entered Level 1 of the Swamp
 31262 | Swamp:1  | Found a transporter.
 31281 | Swamp:1  | Noticed Kirke
 31288 | Swamp:1  | Killed Kirke
 31312 | Swamp:1  | Found a transporter.
 31461 | Swamp:1  | Received a gift from Okawaru
 31654 | Swamp:1  | Received a gift from Okawaru
 31796 | Swamp:1  | Identified the +8 mace of the Illusory Souls {spect, rF+
                  | Will- Dex+4}
 32870 | Swamp:2  | Received a gift from Okawaru
 33991 | Swamp:2  | Reached skill level 10 in Invocations
 34444 | Swamp:2  | Identified the +1 robe "Guafawom" {rC+ Will+ Regen+}
 34466 | Swamp:2  | Noticed a thorn hunter
 34481 | Swamp:2  | Killed a thorn hunter
 34853 | Swamp:2  | Noticed a thorn hunter
 34874 | Swamp:2  | Killed a thorn hunter
 35347 | Swamp:3  | Noticed a tentacled monstrosity
 35351 | Swamp:3  | Received a gift from Okawaru
 35360 | Swamp:3  | Killed a tentacled monstrosity
 35923 | Swamp:3  | Reached XP level 16. HP: 147/147 MP: 2/23
 36684 | Swamp:4  | Entered Level 4 of the Swamp
 36847 | Swamp:4  | Identified the +1 hat of the Fifty Towns {+Blink} (Okawaru
                  | gifted it to you on level 4 of the Swamp)
 36847 | Swamp:4  | Received a gift from Okawaru
 37018 | Swamp:4  | Reached skill level 15 in Armour
 37040 | Swamp:4  | Reached skill level 15 in Fighting
 37070 | Swamp:4  | Reached skill level 15 in Shields
 37604 | Swamp:4  | Noticed a thorn hunter
 37649 | Swamp:4  | Killed a thorn hunter
 38053 | Swamp:4  | Identified the +11 broad axe "Gakiamp" {speed, +Blink rF+
                  | rN+} (Okawaru gifted it to you on level 4 of the Swamp)
 38053 | Swamp:4  | Received a gift from Okawaru
 38270 | Swamp:4  | Got a decaying rune of Zot
 38430 | Spider:1 | Entered Level 1 of the Spider Nest
 39144 | Spider:1 | Received a gift from Okawaru
 39705 | Spider:2 | Noticed Arachne
 39731 | Spider:2 | Killed Arachne
 40019 | Spider:2 | Noticed Aizul
 40027 | Spider:2 | Killed Aizul
 40285 | Spider:2 | Reached XP level 17. HP: 158/158 MP: 5/25
 40337 | Spider:2 | Identified the +1 robe of a volcano {Regen+ Int+3} (Okawaru
                  | gifted it to you on level 2 of the Spider Nest)
 40337 | Spider:2 | Received a gift from Okawaru
 43259 | Spider:4 | Entered Level 4 of the Spider Nest
 43278 | Spider:4 | HP: 5/162 [disintegration (63)]
 44331 | Spider:4 | Received a gift from Okawaru
 44563 | Spider:4 | Received a gift from Okawaru
 44733 | Spider:4 | Received a gift from Okawaru
 45441 | Spider:4 | Received a gift from Okawaru
 45478 | Spider:4 | Got a gossamer rune of Zot
 45625 | Spider:4 | Reached XP level 18. HP: 170/170 MP: 4/27
 45629 | Spider:4 | Received a gift from Okawaru
 46861 | Vaults:1 | Entered Level 1 of the Vaults
 46875 | Vaults:1 | Identified the scarf of the Pleiades {rC+ rF+, Dex+2}
                  | (Okawaru gifted it to you on level 1 of the Vaults)
 46875 | Vaults:1 | Received a gift from Okawaru
 48590 | Vaults:1 | Received a gift from Okawaru
 49137 | Vaults:1 | Received a gift from Okawaru
 50142 | Vaults:2 | Found Susiysh's Magic Scroll Boutique.
 50163 | Vaults:2 | Bought a scroll of teleportation for 45 gold pieces
 50163 | Vaults:2 | Bought a scroll of enchant armour for 112 gold pieces
 50163 | Vaults:2 | Bought a scroll of teleportation for 45 gold pieces
 50163 | Vaults:2 | Bought a scroll of teleportation for 45 gold pieces
 50163 | Vaults:2 | Bought a scroll of teleportation for 45 gold pieces
 50408 | Vaults:2 | Received a gift from Okawaru
 50553 | Vaults:2 | Reached XP level 19. HP: 181/181 MP: 1/29
 50604 | Vaults:2 | Noticed Jory
 50619 | Vaults:2 | Killed Jory
 50792 | Vaults:2 | Noticed Frederick
 50802 | Vaults:2 | Killed Frederick
 50802 | Vaults:2 | Received a gift from Okawaru
 50859 | Vaults:2 | Reached skill level 15 in Invocations
 51193 | Vaults:2 | Received a gift from Okawaru
 51335 | Vaults:2 | Received a gift from Okawaru
 51993 | Vaults:2 | Received a gift from Okawaru
 52002 | Vaults:2 | Received a gift from Okawaru
 52434 | Vaults:2 | Found Feuklye's Book Shoppe.
 52739 | Vaults:2 | Found Yfypp's Jewellery Boutique.
 52747 | Vaults:2 | Bought the amulet "Nisysui" {Rampage Regen+ Stlth+} for 517
                  | gold pieces
 54060 | Vaults:3 | Identified the +3 dagger of Wounding {vamp, Int+6}
 54981 | Vaults:3 | Found a staircase to the Crypt.
 54981 | Vaults:3 | Found a basalt altar of Yredelemnul.
 54982 | Vaults:3 | Found an ancient bone altar of Kikubaaqudgha.
 55371 | Vaults:3 | Received a gift from Okawaru
 56270 | Vaults:4 | Received a gift from Okawaru
 56277 | Vaults:4 | Reached XP level 20. HP: 156/193 MP: 1/30
 56456 | Vaults:4 | Found a crumbling gateway.
 56493 | Desolati | Entered the Desolation of Salt
 56660 | Desolati | Identified the amulet of Zofocke {Acrobat Str+5}
 56663 | Desolati | Identified the +7 spear "Dragonslayer" {speed, Str+2}
 56665 | Desolati | Identified the ring of Vixufrac {rC+ rN++}
 56673 | Desolati | Identified the +3 robe of Honour {+Inv rN+}
 57045 | Desolati | Identified the ring of Peparoch {rPois rC+ Int+6 Stlth+}
 57281 | Desolati | Identified the ring of Eternal Night {Fire *Slow Will+++
                  | rCorr Str-5}
 57293 | Desolati | Got Waanyav's Excursus on the Jinx
 57306 | Desolati | Got the Secrets of the Xenolith
 57720 | Desolati | Identified the +0 ring mail of Okawaru's Benevolence {rC+
                  | rN++ Dex+3 Stlth+} (Okawaru gifted it to you in the
                  | Desolation of Salt)
 57720 | Desolati | Received a gift from Okawaru
 60662 | Vaults:4 | Found Meafug's Armour Emporium.
 60670 | Vaults:4 | Bought a +2 plate armour of cold resistance for 840 gold
                  | pieces
 60670 | Vaults:4 | Bought a +2 cloak of willpower for 451 gold pieces
 60899 | Vaults:5 | Entered Level 5 of the Vaults
 61068 | Vaults:5 | Identified the +0 crystal plate armour of the Wilderness
                  | {Dex+3 Slay+3} (Okawaru gifted it to you on level 5 of the
                  | Vaults)
 61068 | Vaults:5 | Received a gift from Okawaru
 61280 | Vaults:5 | Reached XP level 21. HP: 199/205 MP: 4/31
 61345 | Vaults:5 | Identified the amulet "Adghupego" {Reflect Int+4 Slay+2
                  | SH+5}
 61575 | Vaults:5 | Noticed a golden dragon
 61587 | Vaults:5 | Noticed a golden dragon
 61603 | Vaults:5 | HP: 3/208 [golden dragon (9)]
 61605 | Vaults:5 | Killed a golden dragon
 61933 | Vaults:5 | Identified the +6 falchion "Ziajya" {venom, Will+ Str+3
                  | Dex+2 SInv}
 61946 | Vaults:5 | Received a gift from Okawaru
 62263 | Vaults:5 | Identified the +2 long sword "Opsy" {speed, Dex+2}
 62276 | Vaults:5 | Identified the staff of earth "Wapro" {Contam MP+9 Int+4
                  | Dex+3}
 62672 | Vaults:5 | Got a silver rune of Zot
 62894 | Vaults:5 | Identified the +1 whip "Nududoku" {flame, *Rage Fly rC+
                  | Dex+3}
 62989 | Vaults:5 | Killed a golden dragon
 63740 | Vaults:5 | Found Palolisa's Jewellery Shoppe.
 63756 | Vaults:5 | Got the Parchment of the Geodesic
 64168 | Crypt:1  | Entered Level 1 of the Crypt
 64216 | Crypt:1  | Acquired 875 gold pieces
 64219 | Crypt:1  | Acquired the amulet of Ceugral {Rampage +Blink Regen+
                  | Dex-4}
 64231 | Crypt:1  | Acquired 738 gold pieces
 65555 | Crypt:2  | Noticed Boris
 65555 | Crypt:2  | Noticed Bai Suzhen
 65560 | Crypt:2  | Killed Bai Suzhen
 65576 | Crypt:2  | Killed Boris
 65576 | Crypt:2  | Received a gift from Okawaru
 65742 | Crypt:2  | Reached XP level 22. HP: 217/217 MP: 1/32
 66596 | Crypt:2  | Found a runed translucent gate.
 66596 | Crypt:2  | Found a runed translucent gate.
 66596 | Crypt:2  | Found a runed translucent gate.
 66597 | Crypt:2  | Found an opulent altar of Gozag.
 66598 | Crypt:2  | Noticed Hyrrirob's ghost (veteran GrEE)
 67590 | Crypt:3  | Entered Level 3 of the Crypt
 67992 | Crypt:3  | Received a gift from Okawaru
 68585 | Crypt:3  | Found a staircase to the Tomb.
 68748 | Crypt:3  | Noticed a dread lich
 68758 | Crypt:3  | Received a gift from Okawaru
 68782 | Crypt:3  | Killed a dread lich
 68796 | Crypt:3  | Identified the +1 quarterstaff of the Conjuring Ass
                  | {freeze, rF++}
 68805 | Crypt:3  | Got the Spellbook of Boreal Vitiation
 68806 | Crypt:3  | Identified the amulet "Sokeo" {Harm +Inv Will- Regen+
                  | Str+3}
 68806 | Crypt:3  | Identified the ring of Kiteuhasch {rPois rN+ rCorr Int+4
                  | Dex-3}
 68806 | Crypt:3  | Identified the ring of the Stag {rN+ Stlth+}
 68927 | Crypt:3  | Identified the staff of earth "Byhiwkuol" {rPois rF++}
 68936 | Crypt:3  | Found a basalt altar of Yredelemnul.
 69140 | Crypt:3  | Received a gift from Okawaru
 69359 | Crypt:3  | Received a gift from Okawaru
 70386 | Crypt:3  | Identified the +8 plate armour "Pivyjawne" {Rampage rCorr
                  | Str-3 Slay+4} (Okawaru gifted it to you on level 3 of the
                  | Crypt)
 70386 | Crypt:3  | Received a gift from Okawaru
 71996 | Tomb:1   | Entered Level 1 of the Tomb of the Ancients
 72357 | Tomb:1   | Reached XP level 23. HP: 198/228 MP: 1/33
 72484 | Tomb:1   | Noticed Boris
 72496 | Tomb:1   | Killed Boris
 72743 | Tomb:1   | Noticed a royal mummy
 72746 | Arena    | Entered the Arena
 72762 | Arena    | Killed a royal mummy
 72783 | Tomb:1   | Noticed a royal mummy
 72785 | Tomb:1   | HP: 4/228 [ushabti (12)]
 72786 | Tomb:1   | HP: 1/228 [poisoned by an ushabti (dark miasma)]
 72786 | Tomb:1   | Killed from afar by a mummy priest

Illustrated notes

Levels and vault maps discovered:
D:1:      erik_arrival_cave_to_civilisation [erik_arrival_cave_to_hall],
          layout_basic, hellmonk_ecumenical_altar_inner_sanctum
D:2:      minmay_razor_zed, layout_basic, grunt_ministairs_4
D:3:      layout_loops_cross, grunt_temple_overflow_open
D:4:      layout_basic
D:5:      layout_cave_pods, chequers_serial_rivers_large_b
D:6:      layout_gridville, minmay_temple_entry_enclosed_plants, glass_columns_a
D:7:      layout_loops_ring, nicolae_zen_rock_garden
D:8:      layout_basic, david_lair_shrubbed, st_stairs_3
D:9:      minmay_curly_fans, layout_basic, serial_shops,
          nicolae_shop_real_fake_doors, hangedman_decor_clover_reticule,
          serial_park_tiny_pond, hangedman_abyss_or_decor_jellyfish_corner,
          nicolae_specific_store
D:10:     layout_basic, mainiacjoe_overflow_alcove_1
D:11:     layout_irregular_city, serial_rivers, chequers_serial_rivers_small_3,
          chequers_serial_rivers_micro_b, chequers_serial_rivers_small_b,
          chequers_serial_rivers_small_3, chequers_serial_rivers_small_3,
          trove_entry_hex_spiral, gammafunk_ghost_wrathful_warriors,
          uniq_nergalle
D:12:     layout_basic, nzn_wu_jian_council_hall
D:13:     layout_basic, erik_vaults_1, uniq_josephine
D:14:     layout_loops_cross, kennysheep_boxes
D:15:     grunt_enter_depths_hoard, layout_loops_ring, grunt_qazlal_clouds,
          serial_shops, shop
Temple:   eino_temple_water
Lair:1:   layout_cave_pods, minivault_25, minivault_19,
          nicolae_lair_run_with_the_wolves, lemuel_fruit_fields,
          infiniplex_staircase_pool
Lair:2:   beast_lair_carwin_large_3, layout_cave_pods
Lair:3:   layout_cave_pods, skrybe_swamp_entry_bodies,
          hellmonk_spider_entry_not_the_bees, small_statue_intersection
Lair:4:   layout_loops_ring, serial_forest, infiniplex_forest_clump_large,
          infiniplex_forest_clump_tiny, infiniplex_forest_straight_1,
          infiniplex_forest_clump_double, infiniplex_forest_lined_ring,
          infiniplex_forest_lined_corner, infiniplex_forest_lined_corner,
          infiniplex_forest_lined_4_way, infiniplex_forest_lined_3,
          infiniplex_forest_lined_2, grunt_megastairs_3
Lair:5:   cheibrodos_lair_end_hotspot, layout_loops_ring, slime_entry_1,
          uniq_snorg
Swamp:1:  gammafunk_worm_tunnel, layout_basic_swamp, nicolae_swamp_tree_isthmus,
          beargit_elvish_explorers, uniq_kirke
Swamp:2:  nicolae_swamp_phyte_club, layout_basic_swamp, serial_swamp_ruin,
          evilmike_swamp_ruin_house_5, evilmike_swamp_ruin_wall,
          evilmike_swamp_ruin_house_2, infiniplex_staircase_pool_2
Swamp:3:  layout_basic_swamp, hangedman_swamp_lotus, swamp_pool1
Swamp:4:  swamp, layout_basic_swamp
Spider:1: layout_spider_delve
Spider:2: layout_chambers, hangedman_spider_mandibles,
          nicolae_spider_webs_and_nodes, uniq_arachne, uniq_aizul
Spider:3: layout_spider_delve, nicolae_spider_some_kinda_spiderbox
Spider:4: floodkiller_spider_rune_tomb, nicolae_spider_twisty_arc_passages
Orc:1:    layout_diamond_mine, kennysheep_orc_sif_temple
Orc:2:    grunt_orc_community_town_hall, layout_caves,
          grunt_orc_community_big_house_1, grunt_orc_community_big_house_1,
          grunt_orc_community_house_3, grunt_orc_community_house_2,
          grunt_orc_community_house_2, grunt_orc_community_house_3,
          grunt_orc_community_house_3, gauntlet_entry_generic
Vaults:1: nicolae_vaults_c_with_doors, v_misc_15,
          nicolae_vaults_oval_intersection, vaults_dpeg_hooks,
          hangedman_vaults_slice, vaults_room_grunt_arrival_ludios,
          nicolae_vaults_wrenched, v_rooms_3, v_misc_9, vaults_room_fours,
          nicolae_vaults_gold_heap, nicolae_vaults_tangram_2, vaults_room_grid,
          serial_ice_m, layout_vaults_maze
Vaults:2: vaults_room_boxed, nicolae_vaults_angled_halls,
          nicolae_vaults_tetromino_L_1, nicolae_vaults_diagonal_hallway_6,
          hangedman_vaults_cutoff, nicolae_vaults_network_star, v_alt_pattern_6,
          hangedman_vaults_maws, nicolae_vaults_six-pack,
          ontoclasm_vaults_loading_screen, nicolae_vaults_little_squares_5,
          layout_vaults_big_room, serial_shops, shop, shop, shop,
          uniq_frederick, uniq_jory
Vaults:3: nicolae_vaults_offset_grid_hallway_4, nicolae_vaults_little_squares_2,
          vaults_mumra_lcd, nicolae_vaults_closet_pinwheel_6,
          minmay_crypt_entry_necro_gods, nicolae_vaults_lightning_bolt,
          nicolae_vaults_closet_pinwheel_5, v_pattern_3,
          hangedman_vaults_stretched_pinwheel, grunt_vaults_swirl,
          grunt_vaults_focal, nicolae_vaults_apartment_2, v_alt_pattern_6,
          layout_vaults_omnicross
Vaults:4: portal_desolation_entry_nicolae_nacl,
          nicolae_vaults_diagonal_hallway_7, nicolae_vaults_house_1,
          v_alt_pattern_6, hangedman_vaults_river_flow, v_misc_5,
          nicolae_vaults_mini_display_case, vaults_dpeg_encased_lava,
          vaults_mumra_hex, ontoclasm_vaults_hangar, grunt_vaults_funnel,
          layout_vaults_quadrants, serial_shops, shop
Vaults:5
Crypt:1:  layout_misc_corridors
Crypt:2:  layout_chaotic_city, ebering_ghost_gozag,
          nicolae_crypt_little_mausoleum, grunt_megastairs_2, uniq_boris,
          uniq_bai_suzhen
Crypt:3:  church_of_pain_bobbens, layout_chaotic_city,
          nicolae_tomb_entry_unfolded_pyramid_diagonal
Tomb:1

Skill      XL: |  1  2  3  4  5  6  7  8  9 10 11 12 13 14 15 16 17 18 19 20 21 22 |
---------------+-------------------------------------------------------------------+-----
Axes           | 3 4 5 6 8 10 11 13 14 16 17 18 19 21 22 | 22.4
Armour         | 4 5 6 8 9 10 11 12 13 14 16 17 18 20 21 22 23 | 23.7
Shields        | 4 5 6 7 8 10 11 12 13 14 16 17 18 20 21 22 23 | 23.7
Fighting       | 4 5 6 8 9 10 11 12 13 14 16 17 18 20 21 22 23 | 23.7
Throwing       | 1 2 3 4 5 6 7 8 9 10 | 10.0
Invocations    | 3 5 6 7 9 10 12 13 14 15 | 15.0

Action                     |  1- 3 |  4- 6 |  7- 9 | 10-12 | 13-15 | 16-18 | 19-21 | 22-24 || total
---------------------------+-------+-------+-------+-------+-------+-------+-------+-------++-------
  Melee: War axe           |    76 |   112 |   143 |   116 |   123 |    66 |       |       ||   636
         Headbutt          |    10 |    16 |    31 |    64 |   123 |   219 |   320 |   149 ||   932
         Broad axe         |       |       |       |   253 |   521 |   818 |  1035 |   500 ||  3127
  Throw: Dart              |       |       |       |     5 |       |       |       |     1 ||     6
         Boomerang         |       |       |       |     3 |    11 |    38 |     5 |       ||    57
         Javelin           |       |       |       |       |       |     2 |    12 |     5 ||    19
 Invoke: Heroism           |       |       |       |     1 |    11 |     6 |     4 |       ||    22
         Finesse           |       |       |       |       |     5 |     1 |     4 |       ||    10
         Duel              |       |       |       |       |       |       |       |     1 ||     1
    Use: Scroll            |       |    12 |     6 |    16 |    16 |    10 |    14 |     3 ||    77
         Potion            |       |       |     1 |     1 |       |     1 |     5 |       ||     8
   Stab: Distracted        |       |       |     1 |     1 |       |       |       |       ||     2
 Armour: Scale mail        |    43 |     5 |       |    58 |   130 |       |       |       ||   236
         Chain mail        |       |    56 |    82 |   127 |    47 |   336 |       |       ||   648
         Plate armour      |       |       |       |       |    40 |     7 |   175 |       ||   222
         Gold dragon scale |       |       |       |       |       |       |    62 |   209 ||   271
  Dodge: Dodged            |    30 |    41 |    53 |   116 |   110 |   201 |   107 |    82 ||   740
         Repelled          |       |       |       |       |       |       |     1 |       ||     1
  Block: Buckler           |    14 |    42 |    79 |    87 |       |       |       |       ||   222
         Reflection        |       |       |     3 |    14 |    30 |    62 |    30 |       ||   139
         Tower shield      |       |       |       |   238 |   810 |  1265 |   953 |   476 ||  3742

Table legend: (Time is in decaauts)
 A = Elapsed time spent in this place.
 B = Non-inter-level travel time spent in this place.
 C = Inter-level travel time spent in this place.
 D = Time resting spent in this place.
 E = Time spent auto-exploring this place.
 F = Levels seen in this place.
 G = Mean time per level.
                   A        B        C        D        E       F      G
               +--------+--------+--------+--------+--------+-----+--------+
         Total |  71837 |  69343 |   2494 |   6286 |  50190 |  43 | 1670.6 |
       Dungeon |  18386 |  17356 |   1030 |    899 |  12819 |  15 | 1225.7 |
        Temple |    213 |    194 |     19 |      0 |    171 |   1 |  213.0 |
          Lair |  10275 |   9680 |    595 |    707 |   7804 |   5 | 2055.0 |
         Swamp |   7192 |   6976 |    216 |    626 |   5189 |   4 | 1798.0 |
   Spider Nest |   8048 |   7848 |    200 |   1752 |   4693 |   4 | 2012.0 |
  Orcish Mines |   2164 |   2022 |    142 |    125 |    965 |   2 | 1082.0 |
        Vaults |  14957 |  14747 |    210 |    875 |  11545 |   5 | 2991.4 |
         Crypt |   7547 |   7468 |     79 |    703 |   5791 |   3 | 2515.7 |
          Tomb |    741 |    741 |      0 |      0 |    433 |   1 |  741.0 |
    Desolation |   1718 |   1718 |      0 |    515 |    711 |   1 | 1718.0 |
      Gauntlet |    551 |    551 |      0 |     84 |     67 |   1 |  551.0 |
         Arena |     41 |     41 |      0 |      0 |      0 |   1 |   41.0 |
               +--------+--------+--------+--------+--------+-----+--------+

Top non-repeatable levels by time:
 Crypt:3: 3965 daAuts
Vaults:3: 3371 daAuts
Vaults:4: 3095 daAuts
Vaults:1: 2950 daAuts
Spider:4: 2932 daAuts
  Lair:5: 2817 daAuts
Vaults:2: 2774 daAuts
Vaults:5: 2765 daAuts
 Swamp:2: 2485 daAuts
  Lair:3: 2380 daAuts
Spider:2: 2294 daAuts
  Lair:1: 2118 daAuts
    D:11: 1957 daAuts
 Crypt:2: 1795 daAuts
 Crypt:1: 1786 daAuts
